 Dungeon Crawl Stone Soup version 0.26-a0-651-gb41185065b (webtiles) character file.

Game seed: 24652397840394745

73 tof the Chopper (level 4, -9/41 HPs)
             Began as a Minotaur Monk on Oct 2, 2020.
             Mangled by a worm (11 damage)
             ... on level 2 of the Dungeon.
             The game lasted 00:01:06 (1109 turns).

tof the Chopper (Minotaur Monk)                     Turns: 1109, Time: 00:01:07

Health: -9/41      AC:  2    Str: 17    XL:     4   Next: 8%
Magic:  3/3        EV: 13    Int:  7    God:
Gold:   41         SH:  0    Dex: 12    Spells: 3/3 levels left

rFire    . . .     SeeInvis .   a - +0 hand axe
rCold    . . .     Faith    .   (no shield)
rNeg     . . .     Spirit   .   b - +0 robe
rPois    .         Reflect  .   (helmet restricted)
rElec    .         Harm     .   (no cloak)
rCorr    +         Rampage  .   (no gloves)
MR       .....                  (no boots)
Stlth    ++........             (no amulet)
HPRegen  0.13/turn              d - ring of resist corrosion
MPRegen  0.08/turn              (no ring)

@: no status effects
A: retaliatory headbutt, horns 2
a: no special abilities


You were on level 2 of the Dungeon.
You visited 1 branch of the dungeon, and saw 2 of its levels.

You collected 41 gold pieces.

Inventory:

Hand Weapons
 a - a +0 hand axe (weapon)
Armour
 b - a +0 robe (worn)
Jewellery
 d - a ring of resist corrosion (left hand)
 j - a +6 ring of dexterity {unknown}
Scrolls
 c - 2 scrolls of teleportation {unknown}
 e - a scroll of amnesia {unknown}
 f - 2 scrolls of identify {unknown}
 h - 2 scrolls of enchant armour {unknown}
 i - 2 scrolls of immolation {unknown}
 k - a scroll of enchant weapon {unknown}
Potions
 g - a potion of resistance {unknown}
 l - a potion of might {unknown}


   Skills:
 + Level 4.4 Fighting
 + Level 4.4 Axes
 + Level 1.3 Armour
 - Level 3.6 Dodging
 - Level 2.0 Stealth


You had 3 spell levels left.
You didn't know any spells.
Your spell library was empty.

Dungeon Overview and Level Annotations

Branches:
Dungeon (2/15)

Altars:


Innate Abilities, Weirdness & Mutations

You reflexively headbutt those who attack you in melee.
You have a pair of horns on your head.


Message History

The worm is heavily wounded.
You barely miss the rat. The rat completely misses you. The worm bites you!
You hit the worm but do no damage.
The worm is moderately wounded.
You hit the rat.
You kill the rat!
The worm bites you!
* * * LOW HITPOINT WARNING * * *
You hit the worm but do no damage.
The worm is moderately wounded.
You barely miss the worm.
The worm is moderately wounded.
The worm bites you!
* * * LOW HITPOINT WARNING * * *
You hit the worm.
The worm is severely wounded.
You hit the worm but do no damage. Your headbutt misses the worm.
The worm is severely wounded.
The worm bites you!
You die...

#.#.###.#...# # #.#.#..
#.#####.#####
#.#.#.#<... #...)...#
#.#.#.#.#..
##############
#######.......##. .....
#.....###.#...... .."...
#.....#........).
......##.....#.#..)..†..
.............#.###.....#
......w@................
.........###.......##...
.........# #.......##...
.........# #.......##...
......#### #.......#####
.).... #.......# ......
#.......# ......
#.......# #########


You could see a worm.

Vanquished Creatures
  Jessica (D:2)
  An adder (D:2)
  A worm (D:2)
  A dart slug (D:1)
  A leopard gecko (D:1)
  4 giant cockroaches
  4 goblins
  5 hobgoblins
  A ball python (D:1)
  3 bats
  3 frilled lizards
  A kobold (D:1)
  7 rats
33 creatures vanquished.

Notes
Turn   | Place    | Note
-------+----------+-------------------------------------------
     0 | D:1      | tof the Minotaur Monk began the quest for the Orb.
     0 | D:1      | Reached XP level 1. HP: 19/19 MP: 0/0
   170 | D:1      | Reached XP level 2. HP: 24/27 MP: 1/1
   731 | D:2      | Reached XP level 3. HP: 33/33 MP: 2/2
   771 | D:2      | Noticed Jessica
   788 | D:2      | Killed Jessica
   788 | D:2      | Reached skill level 1 in Armour
  1040 | D:2      | Reached XP level 4. HP: 40/41 MP: 3/3
  1107 | D:2      | HP: 2/41 [worm (11)]
  1109 | D:2      | Mangled by a worm

Illustrated notes

Levels and vault maps discovered:
D:1:      nagdon_arrival_zigzag_paths, layout_rooms
D:2:      layout_basic, uniq_jessica

Skill      XL: |  1  2  3 |
---------------+----------+-----
Stealth        | 2 |  2.0
Axes           | 4 |  4.4
Fighting       | 4 |  4.4
Armour         | 1 |  1.3
Dodging        | |  3.6

Action                   |  1- 3 |  4- 6 || total
-------------------------+-------+-------++-------
Melee: Hand axe          |    68 |    13 ||    81
       Headbutt          |    15 |       ||    15
 Stab: Sleeping          |     7 |       ||     7
Armor: Robe              |    12 |     1 ||    13
Dodge: Dodged            |    42 |     7 ||    49

Table legend: (Time is in decaauts)
 A = Elapsed time spent in this place.
 B = Non-inter-level travel time spent in this place.
 C = Inter-level travel time spent in this place.
 D = Time resting spent in this place.
 E = Time spent auto-exploring this place.
 F = Levels seen in this place.
 G = Mean time per level.
                   A        B        C        D        E       F      G
               +--------+--------+--------+--------+--------+-----+--------+
         Total |   1116 |   1085 |     31 |    292 |    589 |   2 |  558.0 |
       Dungeon |   1116 |   1085 |     31 |    292 |    589 |   2 |  558.0 |
               +--------+--------+--------+--------+--------+-----+--------+

Top non-repeatable levels by time:
     D:1: 724 daAuts
     D:2: 392 daAuts
